 Dungeon Sprint DCSS version 0.29-a0-512-gf59ac788ac (webtiles) character file.

Game seed: 950868870403705455

800 mhtbhm the Grappler (level 7, 0/66 HPs)
             Began as a Troll Transmuter on May 30, 2022.
             Was an Initiate of Gozag.
             Killed from afar by an orc wizard (6 damage)
             ... with a puff of flame
             ... in the Dungeon (Sprint IX: "|||||||||||||||||||||||||||||").
             The game lasted 00:01:29 (198 turns).

mhtbhm the Grappler (Troll Transmuter)               Turns: 198, Time: 00:01:31

Health: 0/66       AC:  5    Str: 22    XL:     7   Next: 59%
Magic:  6/13       EV: 11    Int: 14    God:    Gozag
Gold:   0          SH:  0    Dex: 10    Spells: 5/15 levels left

rFire   . . .      SeeInvis .     - Unarmed
rCold   . . .      Faith    .   (no shield)
rNeg    . . .      Spirit   .   a - +0 robe
rPois   .          Reflect  .   (helmet currently unavailable)
rElec   .          Harm     .   k - +0 cloak
rCorr   .          Rampage  .   (gloves unavailable)
Will    .....      NoTele   +   (boots unavailable)
Stlth   +.........              (no amulet)
HPRegen 1.01/turn               l - +3 ring of intelligence
MPRegen 0.13/turn               m - +3 ring of strength

@: appendages, wereblooded (expiring), gold aura, hasted, very quick
A: horns 2, talons 2, large, unfitting armour, claws 3, regeneration 1, shaggy
fur 1, tough skin 1
a: End Transformation, Renounce Religion, Potion Petition, Call Merchant, Bribe
Branch


You were in the Dungeon.
You worshipped Gozag.
Gozag was noncommittal.
You had temporarily grown beastly horns and talons.
You visited 1 branch

Inventory:

Armour
 a - a +0 robe (worn)
 k - a +0 cloak (worn)
Jewellery
 l - a +3 ring of intelligence (left claw)
 m - a +3 ring of strength (right claw)
Wands
 j - a wand of iceblast (10)
Scrolls
 h - 2 scrolls of blinking
 i - 2 scrolls of amnesia
Potions
 b - a potion of lignification
 c - a potion of invisibility
 f - 4 potions of magic
 g - 4 potions of curing


   Skills:
 + Level 2.6 Fighting
 + Level 5.4 Dodging
 + Level 0.7 Stealth
 + Level 12.3 Unarmed Combat
 + Level 4.7 Spellcasting
 + Level 4.6 Transmutations


You had 5 spell levels left.
You knew the following spells:

 Your Spells              Type           Power      Damage    Failure   Level
a - Beastly Appendage     Tmut           32%        N/A       2%          1
b - Wereblood             Tmut           16%        N/A       4%          2
c - Spider Form           Tmut/Pois      9%         N/A       21%         3
d - Ice Form              Ice/Tmut       9%         N/A       56%         4

Your spell library contained the following spells:

 Spells                   Type           Power      Damage    Failure   Level


Dungeon Overview and Level Annotations

Branches:
Dungeon (1/1)

Altars:
Cheibriados
Dithmenos
Elyvilon
Fedhas
Gozag
Hepliaklqana
Kikubaaqudgha
Makhleb
Nemelex Xobeh
Okawaru
Qazlal
Ru
Sif Muna
Trog
Uskayaw
Vehumet
Wu Jian
Xom
Yredelemnul
Zin
The Shining One
Beogh
Jiyva
Lugonu


Innate Abilities, Weirdness & Mutations

You have temporarily grown beastly horns and talons.
You are too large for most types of armour.
You have claws for hands.
Your natural rate of healing is unusually fast.
You are covered in fur. (AC +1)
You have tough skin. (AC +1)


Message History

You howl as the wereblood boils in your veins!
The vampire mosquito bites you.
The vampire mosquito draws strength from your injuries!
You mangle the vampire mosquito!!
The vampire mosquito is severely damaged.
The vampire mosquito barely misses you.
You scratch the vampire mosquito. Your kick misses the vampire mosquito.
The vampire mosquito is severely damaged.
Your primal bloodlust is almost over.
The vampire mosquito closely misses you.
You claw the vampire mosquito!
You feel a bit better.
You destroy the vampire mosquito!
The centaur wields a +0 shortbow.
The centaur shoots an arrow.
Deactivating autopickup; reactivate with Ctrl-A.
You closely miss something. You barely miss something.
Your headbutt misses something.
The centaur shoots an arrow.
The arrow hits you.
A puff of flame appears from out of thin air!
The puff of flame hits something.
The shadow strikes at you from the darkness!
* * * LOW HITPOINT WARNING * * *
Reactivating autopickup.
Unknown command.
You claw the shadow! You claw the shadow.
The shadow is severely damaged.
Unknown command.
Unknown command.
You scratch the shadow. You headbutt the shadow.
You feel a bit better.
You destroy the shadow!
The centaur shoots an arrow.
The arrow hits you!
* * * LOW HITPOINT WARNING * * *
Your Unarmed Combat skill increases to level 12!
The centaur shoots an arrow.
The arrow hits you.
* * * LOW HITPOINT WARNING * * *
You hear some strange, mumbled words.
A puff of flame appears from out of thin air!
Deactivating autopickup; reactivate with Ctrl-A.
The puff of flame hits you.
You die...
Your body crumbles into a pile of gold.

▓+▓
▓.▓
$
▓.▓
$
▓.▓
$ $
▓c▓
$
▓.▓
$ $
▓{▓
$
▓@▓
$
▓.▓
▓.▓
$
▓[▓
▓[▓
$
▓.▓
▓.▓
$
▓)▓
$
▓.▓
$


You could see a centaur.

Vanquished Creatures
  A troll (D)
  A vampire (D)
  A shadow (D)
  A vampire mosquito (D)
  A gnoll sergeant (D)
  A necrophage (D)
  2 hounds (D)
  A dart slug (D)
  A giant cockroach (D)
  A quokka (D)
  A frilled lizard (D)
  2 rats (D)
14 creatures vanquished.

Notes
Turn   | Place    | Note
-------+----------+-------------------------------------------
     0 | D        | mhtbhm the Troll Transmuter began the quest for the Orb.
     0 | D        | Reached XP level 1. HP: 18/18 MP: 1/1
    14 | D        | Reached skill level 4 in Unarmed Combat
    31 | D        | Noticed a gnoll sergeant
    31 | D        | Noticed a hound
    31 | D        | Noticed a hound
    31 | D        | Noticed a necrophage
    39 | D        | Killed a necrophage
    40 | D        | Reached skill level 1 in Fighting
    40 | D        | Reached skill level 6 in Unarmed Combat
    40 | D        | Reached XP level 2. HP: 23/27 MP: 2/4
    40 | D        | Reached XP level 3. HP: 28/33 MP: 2/5
    40 | D        | Reached XP level 4. HP: 35/41 MP: 2/6
    44 | D        | Reached skill level 7 in Unarmed Combat
    49 | D        | HP: 2/41 [gnoll sergeant/+2 spear of flaming (1)]
    52 | D        | Killed a gnoll sergeant
    53 | D        | Reached skill level 8 in Unarmed Combat
    53 | D        | Reached XP level 5. HP: 23/48 MP: 2/8
   105 | D        | Found a snail-covered altar of Cheibriados.
   105 | D        | Found a shadowy altar of Dithmenos.
   105 | D        | Found a white marble altar of Elyvilon.
   105 | D        | Found a blossoming altar of Fedhas.
   105 | D        | Found an opulent altar of Gozag.
   106 | D        | Found a hazy altar of Hepliaklqana.
   107 | D        | Found a viscous altar of Jiyva.
   108 | D        | Found an ancient bone altar of Kikubaaqudgha.
   109 | D        | Found a corrupted altar of Lugonu.
   110 | D        | Found a burning altar of Makhleb.
   111 | D        | Found a sparkling altar of Nemelex Xobeh.
   112 | D        | Found an iron altar of Okawaru.
   113 | D        | Became a worshipper of Gozag Ym Sagoz the Greedy
   114 | D        | Found a stormy altar of Qazlal.
   115 | D        | Found a sacrificial altar of Ru.
   116 | D        | Found a shimmering blue altar of Sif Muna.
   117 | D        | Found a bloodstained altar of Trog.
   118 | D        | Found a hide-covered altar of Uskayaw.
   119 | D        | Found a radiant altar of Vehumet.
   120 | D        | Found an ornate altar of the Wu Jian Council.
   121 | D        | Found a shimmering altar of Xom.
   122 | D        | Found a basalt altar of Yredelemnul.
   123 | D        | Found a glowing silver altar of Zin.
   124 | D        | Found a glowing golden altar of the Shining One.
   159 | D        | Learned a level 2 spell: Wereblood
   163 | D        | Learned a level 3 spell: Spider Form
   168 | D        | Learned a level 4 spell: Ice Form
   170 | D        | Noticed a centaur
   170 | D        | Noticed a shadow
   170 | D        | Noticed a vampire mosquito
   170 | D        | Noticed a vampire
   170 | D        | Noticed a troll
   173 | D        | Killed a troll
   174 | D        | Reached skill level 10 in Unarmed Combat
   174 | D        | Reached XP level 6. HP: 57/57 MP: 5/11
   189 | D        | Killed a vampire
   190 | D        | Reached skill level 5 in Dodging
   190 | D        | Reached skill level 11 in Unarmed Combat
   190 | D        | Reached XP level 7. HP: 46/65 MP: 5/12
   193 | D        | Killed a vampire mosquito
   197 | D        | Killed a shadow
   198 | D        | Reached skill level 12 in Unarmed Combat
   198 | D        | Killed from afar by an orc wizard

Illustrated notes

Levels and vault maps discovered:
D:        linesprint [early_d, line_temple, items_1, d_10, items_2, lair_1,
          lair_end, items_3, orc_1, orc_end, items_4, d_15, swamp_1, shoals_1,
          snake_1, spider_1, d_20, vaults_1, items_5, swamp_end, shoals_end,
          snake_end, spider_end, vaults_end, d_27, items_6, zot_1, zot_end,
          crypt_end, forest_end, elf_end, slime_end, tomb_end, abyss_end,
          pan_hell_end]

Skill      XL: |  1  2  3  4  5  6  7 |
---------------+----------------------+-----
Dodging        | 3 4 5 |  5.4
Unarmed Combat | 6 8 10 11 12 | 12.3
Fighting       | 1 2 |  2.6
Spellcasting   | 2 3 4 |  4.7
Transmutations | 2 3 4 |  4.6
Stealth        | |  0.7

Action                   |  1- 3 |  4- 6 |  7- 9 || total
-------------------------+-------+-------+-------++-------
Melee: Unarmed           |    11 |    24 |     8 ||    43
       Kick              |     2 |     7 |     1 ||    10
       Headbutt          |       |     3 |     1 ||     4
 Cast: Beastly Appendage |     2 |     3 |       ||     5
       Wereblood         |       |     1 |       ||     1
  Use: Potion            |     1 |     5 |       ||     6
Armor: Robe              |     1 |     2 |       ||     3
Dodge: Dodged            |     4 |    15 |     2 ||    21

Table legend: (Time is in decaauts)
 A = Elapsed time spent in this place.
 B = Non-inter-level travel time spent in this place.
 C = Inter-level travel time spent in this place.
 D = Time resting spent in this place.
 E = Time spent auto-exploring this place.
 F = Levels seen in this place.
 G = Mean time per level.
                   A        B        C        D        E       F      G
               +--------+--------+--------+--------+--------+-----+--------+
         Total |    198 |    198 |      0 |     74 |      0 |   1 |  198.0 |
       Dungeon |    198 |    198 |      0 |     74 |      0 |   1 |  198.0 |
               +--------+--------+--------+--------+--------+-----+--------+

Top non-repeatable levels by time:
       D: 198 daAuts
